 Dungeon Crawl Stone Soup version 0.25.0-9-g26727b657a (webtiles) character file.

Game seed: 15683987111844243011

247 xccam the Ruffian (level 5, -5/40 HPs)
             Began as a Draconian Transmuter on June 17, 2020.
             Was a Plaything of Xom.
             Killed from afar by an orc wizard (11 damage)
             ... with a puff of frost
             ... on level 4 of the Dungeon.
             The game lasted 00:04:33 (3892 turns).

xccam the Ruffian (Draconian Transmuter)            Turns: 3892, Time: 00:04:34

Health: -5/40      AC:  5    Str: 13    XL:     5   Next: 85%
Magic:  2/8        EV: 12    Int: 14    God:    Xom [..*...]
Gold:   142        SH:  0    Dex: 11    Spells: 5/8 levels left

rFire    . . .     SeeInvis .     - Unarmed
rCold    . . .     Gourm    .   (no shield)
rNeg     . . .     Faith    .   (armour unavailable)
rPois    .         Spirit   .   (helmet restricted)
rElec    .         Reflect  .   (no cloak)
rCorr    .         Harm     .   (no gloves)
MR       .....                  (no boots)
Stlth    +.........             (no amulet)
HPRegen  0.13/turn              (no ring)
MPRegen  0.11/turn              (no ring)

@: appendage (expiring), very slightly contaminated
A: unfitting armour, horns 2, cold-blooded, AC +5
a: End Transformation, Renounce Religion


You were on level 4 of the Dungeon.
You worshipped Xom.
You were a BORING thing.
You were not hungry.
You had grown temporary horns.
You visited 1 branch of the dungeon, and saw 4 of its levels.

You collected 142 gold pieces.

Inventory:

Missiles
 a - 35 arrows
Scrolls
 b - 3 scrolls of teleportation {unknown}
 e - 3 scrolls of identify {unknown}
 l - a scroll of remove curse {unknown}
 m - a scroll of amnesia {unknown}
 n - a scroll of magic mapping {unknown}
Potions
 d - 3 potions of curing {unknown}
 f - 2 potions of brilliance {unknown}
 g - 2 potions of magic {unknown}
 i - a potion of mutation {unknown}
 j - 2 potions of might {unknown}
 k - 3 potions of flight {unknown}
 o - a potion of lignification {unknown}
 p - a potion of heal wounds {unknown}
Comestibles
 c - 4 rations


   Skills:
 - Level 1.1 Fighting
 - Level 1.7 Dodging
 + Level 6.6 Unarmed Combat
 - Level 2.0 Spellcasting
 - Level 2.0 Transmutations


You had 5 spell levels left.
You knew the following spells:

 Your Spells              Type           Power        Failure   Level  Hunger
a - Beastly Appendage     Tmut           #.....       11%         1    ##.....
b - Sticks to Snakes      Tmut           #.......     16%         2    ###....

Your spell library contained the following spells:

 Spells                   Type           Power        Failure   Level  Hunger
 Spider Form              Tmut/Pois      #.........   43%         3    ####...
 Ice Form                 Ice/Tmut       #.......     83%         4    #####..
 Blade Hands              Tmut           #.........   96%         5    ######.


Dungeon Overview and Level Annotations

Branches:
Dungeon (4/15)
 Temple: D:4-7

Altars:
Xom


Innate Abilities, Weirdness & Mutations

Your plain brown scales are hard. (AC +5)
You cannot fit into any form of body armour.
You are cold-blooded and may be slowed by cold attacks.
You have a pair of horns on your head.


Message History

The orc wizard gestures wildly while chanting.
The orc wizard blinks!
You barely miss the orc wizard.
Your tail-slap misses the orc wizard.
The orc wizard casts a spell at you. The puff of frost hits you.
Unknown command.
You hit the orc wizard. You headbutt the orc wizard!
The orc wizard is heavily wounded.
The orc wizard hits you with a +0 dagger.
You hear some strange, mumbled words.
The orc wizard casts a spell at you. The puff of flame hits you!
* * * LOW HITPOINT WARNING * * *
You miss the orc wizard.
The orc wizard is heavily wounded.
Your transformation is almost over.
The orc wizard casts a spell at you. The puff of frost hits you!
You die...
Xom titters!

.#####.###[....##
................#
#######.........#
### #.##......#
...# #.#..###..##
.....
#....#.#...##.o...
#..###.###..S...$.
##.#..:..#........
#.###.###@.......
#..l#.'ooo.##...#
##(.###.o### ..#
##. ...## .. #
#### #


You could see an iguana, 5 orc wizards and a friendly adder.

Vanquished Creatures
  A scorpion (D:4)
  An orc wizard (D:3)
  3 gnolls (D:2)
  2 adders
  An ooze (D:1)
  2 dart slugs
  A leopard gecko (D:1)
  4 orcs (D:3)
  3 ball pythons
  2 bats
  5 giant cockroaches (D:1)
  5 goblins
  3 hobgoblins
  4 frilled lizards
  8 kobolds
  A rat (D:1)
46 creatures vanquished.

Vanquished Creatures (collateral kills)
  An ogre (D:4)
  An adder skeleton (D:4)
2 creatures vanquished.

Grand Total: 48 creatures vanquished

Notes
Turn   | Place    | Note
-------+----------+-------------------------------------------
     0 | D:1      | xccam the Draconian Transmuter began the quest for the Orb.
     0 | D:1      | Reached XP level 1. HP: 16/16 MP: 3/3
   411 | D:1      | Reached XP level 2. HP: 17/23 MP: 5/5
   550 | D:1      | Reached skill level 4 in Unarmed Combat
  1030 | D:2      | Found a faded altar of an unknown god.
  1037 | D:2      | Reached XP level 3. HP: 28/28 MP: 4/6
  1318 | D:2      | Became a worshipper of Xom of Chaos
  1419 | D:2      | XOM: cast spell 'Summon Butterflies'
  1684 | D:2      | Reached XP level 4. HP: 34/35 MP: 7/7
  1824 | D:2      | Reached skill level 5 in Unarmed Combat
  2687 | D:3      | XOM is BORED!
  2687 | D:3      | XOM: 2-stop teleportation journey
  2720 | D:3      | XOM: noise
  3290 | D:4      | Noticed an ogre
  3298 | D:3      | Learned a level 2 spell: Sticks to Snakes
  3299 | D:4      | Xom revived you
  3300 | D:4      | XOM: potion effect (might)
  3435 | D:4      | Killed an ogre
  3435 | D:4      | Reached skill level 6 in Unarmed Combat
  3435 | D:4      | Reached XP level 5. HP: 25/40 MP: 1/8
  3527 | D:4      | XOM: silly message
  3864 | D:4      | XOM: divination: detect items
  3869 | D:4      | XOM: divination: detect creatures
  3892 | D:4      | Killed from afar by an orc wizard

Illustrated notes

Levels and vault maps discovered:
D:1:      lemuel_arrival_rhombus, layout_rooms, st_stairs_5
D:2:      layout_loops_corners, chequers_ecumenical_altar_simple_redux
D:3:      layout_loops_ring
D:4:      layout_loops_cross, first_ration, minmay_a_box_with_orc_wizards_in_it

Skill      XL: |  1  2  3  4 |
---------------+-------------+-----
Unarmed Combat | 4 6 |  6.6
Fighting       | |  1.1
Dodging        | |  1.7
Spellcasting   | |  2.0
Transmutations | |  2.0

Action                   |  1- 3 |  4- 6 || total
-------------------------+-------+-------++-------
Melee: Unarmed           |   121 |    85 ||   206
       Tailslap          |    10 |     9 ||    19
       Headbutt          |     3 |     3 ||     6
       Kick              |     2 |       ||     2
       Punch             |     1 |     2 ||     3
 Cast: Beastly Appendage |     5 |     4 ||     9
       Sticks to Snakes  |       |     3 ||     3
  Eat: Chunk             |     3 |     4 ||     7
       Ration            |       |     1 ||     1
Armor: Skin              |    26 |    20 ||    46
Dodge: Dodged            |    66 |    47 ||   113
